PAA
SPRINGFIELD SHOOTERS @ LAKE MINNETONKA LOVE BOATS
08/30/2034
 
TOP OF THE 1ST
Springfield Shooters batting - Pitching for Lake Minnetonka Love Boats : RHP Dennis Blanchard
Pitching: RHP Dennis Blanchard
Batting: LHB Henk van Aardschot 0-0: Called Strike
0-1: Ball
1-1: Ground out 4-3 (Groundball, 4)
Batting: RHB Lev Migranov 0-0: Called Strike
0-1: Foul Ball, location: 2F
0-2: Ball
1-2: Ball
2-2: Foul Ball, location: 2F
2-2: Foul Ball, location: 2F
2-2: Ball
3-2: Ground out 4-3 (Groundball, 34D)
Batting: LHB Jared Swanson 0-0: Ball
1-0: Fly out, F7 (Flyball, 7S)
Top of the 1st over - 0 runs, 0 hits, 0 errors, 0 left on base; Springfield 0 - Lake Minnetonka 0
BOTTOM OF THE 1ST
Lake Minnetonka Love Boats batting - Pitching for Springfield Shooters : LHP Andy Tidwell
Pitching: LHP Andy Tidwell
Batting: RHB Francisco Guerra 0-0: Ball
1-0: Foul Ball, location: 2F
1-1: Foul Ball, location: 2F
1-2: Ball
2-2: Ground out 6-3 (Groundball, 6)
Batting: RHB Jeff Hunter 0-0: Fly out, F9 (Flyball, 9LM)
Batting: LHB Wilton Maynard 0-0: Ball
1-0: Ball
2-0: Foul Ball, location: 2F
2-1: Foul Ball, location: 2F
2-2: Ball
3-2: Base on Balls
Batting: RHB Mario van Heijbeeck 0-0: Ball
1-0: Ball
2-0: Foul Ball, location: 2F
2-1: Ball
3-1: Base on Balls
Wilton Maynard to second
Batting: LHB Juan Ramírez 0-0: Called Strike
0-1: Ground out 4-3 (Groundball, 4)
Bottom of the 1st over - 0 runs, 0 hits, 0 errors, 2 left on base; Springfield 0 - Lake Minnetonka 0
TOP OF THE 2ND
Springfield Shooters batting - Pitching for Lake Minnetonka Love Boats : RHP Dennis Blanchard
Batting: RHB Karl Wade 0-0: Swinging Strike
0-1: Called Strike
0-2: Strikes out swinging
Batting: RHB Fook Zhŕo 0-0: Foul Ball, location: 2F
0-1: Ball
1-1: Ball
2-1: Ball
3-1: Foul Ball, location: 2F
3-2: Strikes out swinging
Batting: RHB Sébastien Bernard 0-0: Ball
1-0: Ball
2-0: SINGLE (Line Drive, 56D)
Batting: RHB Mei Kim 0-0: Ball
1-0: Called Strike
Sébastien Bernard steals 2nd base
1-1: Fly out, F7 (Flyball, 78D)
Top of the 2nd over - 0 runs, 1 hit, 0 errors, 1 left on base; Springfield 0 - Lake Minnetonka 0
BOTTOM OF THE 2ND
Lake Minnetonka Love Boats batting - Pitching for Springfield Shooters : LHP Andy Tidwell
Batting: RHB Martin van Veldhuizen 0-0: Ball
1-0: Ball
2-0: Ball
3-0: Base on Balls
Batting: RHB Hatui Haunani 0-0: Ball
1-0: SINGLE (Groundball, 6MD)
Martin van Veldhuizen to second
Runner from 2nd tries for 3rd, SAFE, no throw
Batting: LHB Tom Haymon 0-0: Ball
1-0: Fly out, F9 (Flyball, 89S)
Runner from 3rd tags up, OUT at HOME
Hatui Haunani to second
Batting: RHB Yoshii Saikawa 0-0: Swinging Strike
0-1: Ball
1-1: Foul Ball, location: 2F
1-2: Strikes out swinging
Bottom of the 2nd over - 0 runs, 1 hit, 0 errors, 1 left on base; Springfield 0 - Lake Minnetonka 0
TOP OF THE 3RD
Springfield Shooters batting - Pitching for Lake Minnetonka Love Boats : RHP Dennis Blanchard
Batting: RHB Fletcher Megarity 0-0: Called Strike
0-1: Ball
1-1: Ball
2-1: Foul Ball, location: 2F
2-2: Ground out 6-3 (Groundball, 6)
Batting: RHB Nestor Tantoco 0-0: Ball
1-0: Fly out, F8 (Flyball, 8RS)
Batting: LHB Henk van Aardschot 0-0: Ball
1-0: SINGLE (Groundball, 34D)
Batting: RHB Lev Migranov 0-0: Fly out, F9 (Flyball, 9LS)
Top of the 3rd over - 0 runs, 1 hit, 0 errors, 1 left on base; Springfield 0 - Lake Minnetonka 0
BOTTOM OF THE 3RD
Lake Minnetonka Love Boats batting - Pitching for Springfield Shooters : LHP Andy Tidwell
Batting: RHB Francisco Guerra 0-0: Foul Ball, location: 2F
0-1: Ball
1-1: Fly out, F3 (Popup, 3SF)
Batting: RHB Jeff Hunter 0-0: Called Strike
0-1: Ground out 4-3 (Groundball, 4)
Batting: LHB Wilton Maynard 0-0: Called Strike
0-1: Ball
1-1: Foul Ball, location: 2F
1-2: Foul Ball, location: 2F
1-2: Foul Ball, location: 2F
1-2: Strikes out swinging
Bottom of the 3rd over - 0 runs, 0 hits, 0 errors, 0 left on base; Springfield 0 - Lake Minnetonka 0
TOP OF THE 4TH
Springfield Shooters batting - Pitching for Lake Minnetonka Love Boats : RHP Dennis Blanchard
Batting: LHB Jared Swanson 0-0: Called Strike
0-1: Ball
1-1: SINGLE (Line Drive, 34)
Batting: RHB Karl Wade 0-0: Ball
1-0: Called Strike
1-1: Called Strike
1-2: Foul Ball, location: 2F
1-2: Strikes out swinging
Batting: RHB Fook Zhŕo Pickoff Throw to First - Out!
0-0: Foul Ball, location: 2F
0-1: Swinging Strike
0-2: Ball
1-2: Ball
2-2: Foul Ball, location: 2F
2-2: Ball
3-2: Foul Ball, location: 2F
3-2: Ground out 5-3 (Groundball, 56)
Top of the 4th over - 0 runs, 1 hit, 0 errors, 0 left on base; Springfield 0 - Lake Minnetonka 0
BOTTOM OF THE 4TH
Lake Minnetonka Love Boats batting - Pitching for Springfield Shooters : LHP Andy Tidwell
Batting: RHB Mario van Heijbeeck 0-0: Fly out, F9 (Flyball, 89M)
Batting: LHB Juan Ramírez 0-0: Called Strike
0-1: Swinging Strike
0-2: Ball
1-2: Ball
2-2: Fly out, F7 (Flyball, 7)
Batting: RHB Martin van Veldhuizen 0-0: Called Strike
0-1: Called Strike
0-2: Ball
1-2: Foul Ball, location: 2F
1-2: Ball
2-2: Strikes out looking
Bottom of the 4th over - 0 runs, 0 hits, 0 errors, 0 left on base; Springfield 0 - Lake Minnetonka 0
TOP OF THE 5TH
Springfield Shooters batting - Pitching for Lake Minnetonka Love Boats : RHP Dennis Blanchard
Batting: RHB Sébastien Bernard 0-0: Foul Ball, location: 2F
0-1: Foul Ball, location: 2F
0-2: Ball
1-2: Strikes out swinging
Batting: RHB Mei Kim 0-0: Called Strike
0-1: Fly out, F7 (Flyball, 78M)
Batting: RHB Fletcher Megarity 0-0: Called Strike
0-1: Ball
1-1: Foul Ball, location: 2F
1-2: Foul Ball, location: 2F
1-2: Fly out, F9 (Flyball, 9LSF)
Top of the 5th over - 0 runs, 0 hits, 0 errors, 0 left on base; Springfield 0 - Lake Minnetonka 0
BOTTOM OF THE 5TH
Lake Minnetonka Love Boats batting - Pitching for Springfield Shooters : LHP Andy Tidwell
Batting: RHB Hatui Haunani 0-0: Ball
1-0: Ball
2-0: Ball
3-0: Base on Balls
Batting: LHB Tom Haymon 0-0: Foul Ball, location: 2F
0-1: Ball
1-1: Ball
2-1: Foul Ball, location: 2F
2-2: Ball
3-2: Foul Ball, location: 2F
3-2: Foul Ball, location: 2F
3-2: Foul Ball, location: 2F
3-2: Foul Ball, location: 2F
3-2: Foul Ball, location: 2F
3-2: Hit by Pitch
Hatui Haunani to second
Batting: RHB Yoshii Saikawa 0-0: Ball
1-0: Bunted foul
1-1: Sac Bunt - play at third, runner safe!
Tom Haymon to second
Batting: RHB Francisco Guerra 0-0: Called Strike
0-1: Ball
1-1: Ball
2-1: Swinging Strike
2-2: Ball
3-2: Ground out 5-3 (Groundball, 56S)
Hatui Haunani scores
Tom Haymon to third
Yoshii Saikawa to second
Batting: RHB Jeff Hunter 0-0: Intentional Walk
Batting: LHB Wilton Maynard 0-0: Ball
1-0: Ball
2-0: Grounds into double play, 4-6-3 (Groundball, 4)
Bottom of the 5th over - 1 run, 0 hits, 0 errors, 2 left on base; Springfield 0 - Lake Minnetonka 1
TOP OF THE 6TH
Springfield Shooters batting - Pitching for Lake Minnetonka Love Boats : RHP Dennis Blanchard
Batting: RHB Nestor Tantoco 0-0: Called Strike
0-1: Called Strike
0-2: Ball
1-2: Strikes out swinging
Batting: LHB Henk van Aardschot 0-0: Ball
1-0: Ball
2-0: Called Strike
2-1: Ball
3-1: Swinging Strike
3-2: Foul Ball, location: 2F
3-2: Base on Balls
Batting: RHB Lev Migranov 0-0: Called Strike
Henk van Aardschot steals 2nd base
0-1: Ball
1-1: Ball
2-1: Foul Ball, location: 2F
2-2: SINGLE (Groundball, 56D)
Henk van Aardschot to third
Runner from 3rd tries for Home, SAFE, throw made home
Batting: LHB Jared Swanson 0-0: Called Strike
0-1: Ball
1-1: Ball
Lev Migranov is caught stealing 2nd base
2-1: Ground out 5-3 (Groundball, 5S)
Top of the 6th over - 1 run, 1 hit, 0 errors, 0 left on base; Springfield 1 - Lake Minnetonka 1
BOTTOM OF THE 6TH
Lake Minnetonka Love Boats batting - Pitching for Springfield Shooters : LHP Andy Tidwell
Batting: RHB Mario van Heijbeeck 0-0: Called Strike
0-1: Swinging Strike
0-2: Foul Ball, location: 2F
0-2: Ground out 4-3 (Groundball, 4)
Batting: LHB Juan Ramírez 0-0: Ball
1-0: Called Strike
1-1: Fly out, F6 (Line Drive, 6M)
Batting: RHB Martin van Veldhuizen 0-0: Ball
1-0: Foul Ball, location: 2F
1-1: Swinging Strike
1-2: Reached on error, E6 (Groundball, 6)
Pitching: LHP Gilberto Chávez
Batting: RHB Hatui Haunani 0-0: Foul Ball, location: 2F
0-1: Called Strike
Pickoff Throw to First - Error! E1
Martin van Veldhuizen to second
0-2: Ball
1-2: Ball
2-2: Ball
3-2: Intentional Walk
Batting: LHB Tom Haymon 0-0: Foul Ball, location: 2F
0-1: Ball
1-1: Foul Ball, location: 2F
1-2: Ball
2-2: Ball
3-2: Base on Balls
Martin van Veldhuizen to third
Hatui Haunani to second
Batting: RHB Yoshii Saikawa 0-0: Foul Ball, location: 2F
0-1: Foul Ball, location: 2F
0-2: Ball
1-2: Ball
2-2: Ball
3-2: Strikes out swinging
Bottom of the 6th over - 0 runs, 0 hits, 2 errors, 3 left on base; Springfield 1 - Lake Minnetonka 1
TOP OF THE 7TH
Springfield Shooters batting - Pitching for Lake Minnetonka Love Boats : RHP Dennis Blanchard
Batting: RHB Karl Wade 0-0: Ball
1-0: Ball
2-0: Ground out 1-3 (Groundball, P)
Batting: RHB Fook Zhŕo 0-0: Called Strike
0-1: Called Strike
0-2: Strikes out swinging
Pinch Hitting: LHB Armando Rodríguez 0-0: SINGLE (Groundball, 4MD)
Batting: RHB Mei Kim 0-0: Foul Ball, location: 2F
0-1: Foul Ball, location: 2F
0-2: Ball
1-2: Fly out, F3 (Popup, 3SF)
Top of the 7th over - 0 runs, 1 hit, 0 errors, 1 left on base; Springfield 1 - Lake Minnetonka 1
BOTTOM OF THE 7TH
Lake Minnetonka Love Boats batting - Pitching for Springfield Shooters : LHP Gilberto Chávez
Now in LF: Armando Rodríguez
Batting: RHB Francisco Guerra 0-0: Fly out, F9 (Flyball, 9D)
Batting: RHB Jeff Hunter 0-0: Called Strike
0-1: Foul Ball, location: 2F
0-2: SINGLE (Line Drive, 3D)
Batting: LHB Wilton Maynard 0-0: Called Strike
0-1: Ball
1-1: Called Strike
1-2: Ball
2-2: Ball
3-2: Grounds into double play, 5-4-3 (Groundball, 5)
Bottom of the 7th over - 0 runs, 1 hit, 0 errors, 0 left on base; Springfield 1 - Lake Minnetonka 1
TOP OF THE 8TH
Springfield Shooters batting - Pitching for Lake Minnetonka Love Boats : RHP Dennis Blanchard
Batting: RHB Fletcher Megarity 0-0: Fly out, F9 (Flyball, 89D)
Batting: RHB Nestor Tantoco 0-0: Fly out, F7 (Flyball, 7S)
Batting: LHB Henk van Aardschot 0-0: Ball
1-0: Called Strike
1-1: Ball
2-1: Ball
3-1: Foul Ball, location: 2F
3-2: Fly out, F8 (Flyball, 8RM)
Top of the 8th over - 0 runs, 0 hits, 0 errors, 0 left on base; Springfield 1 - Lake Minnetonka 1
BOTTOM OF THE 8TH
Lake Minnetonka Love Boats batting - Pitching for Springfield Shooters : LHP Gilberto Chávez
Batting: RHB Mario van Heijbeeck 0-0: Called Strike
0-1: SINGLE (Groundball, 34D)
Pinch Hitting: RHB Michael Sweeney 0-0: Foul Ball, location: 2F
0-1: Ball
1-1: Grounds into double play, 4-6-3 (Groundball, 4)
Batting: RHB Martin van Veldhuizen 0-0: Ball
1-0: Called Strike
1-1: Ball
2-1: Called Strike
2-2: Ball
3-2: Base on Balls
Batting: RHB Hatui Haunani 0-0: Ball
Martin van Veldhuizen is caught stealing 2nd base
Bottom of the 8th over - 0 runs, 1 hit, 0 errors, 0 left on base; Springfield 1 - Lake Minnetonka 1
TOP OF THE 9TH
Springfield Shooters batting - Pitching for Lake Minnetonka Love Boats : RHP Dennis Blanchard
Pitching: RHP Harry Stogsdill
Now in RF: Michael Sweeney
Batting: RHB Lev Migranov 0-0: Ball
1-0: Swinging Strike
1-1: Foul Ball, location: 2F
1-2: Ball
2-2: Strikes out swinging
Batting: LHB Jared Swanson 0-0: SOLO HOME RUN (Flyball, 89XD), Distance : 418 ft
Batting: RHB Karl Wade 0-0: Ball
1-0: DOUBLE (Flyball, 78D)
Batting: RHB Fook Zhŕo 0-0: Ball
1-0: Fly out, F6 (Popup, 6M)
Batting: LHB Armando Rodríguez 0-0: Called Strike
0-1: Ball
1-1: Ball
2-1: Ground out 6-3 (Groundball, 6)
Top of the 9th over - 1 run, 2 hits, 0 errors, 1 left on base; Springfield 2 - Lake Minnetonka 1
BOTTOM OF THE 9TH
Lake Minnetonka Love Boats batting - Pitching for Springfield Shooters : LHP Gilberto Chávez
Pitching: RHP Branlyn Jaraba
Pinch Hitting: LHB Matt Palmer 0-0: Foul Ball, location: 2F
0-1: SINGLE (Line Drive, 9S)
Batting: LHB Tom Haymon 0-0: Ball
1-0: Ball
2-0: Called Strike
2-1: SINGLE (Line Drive, 9LM)
Matt Palmer to second
Runner from 2nd tries for 3rd, SAFE, no throw
Batting: RHB Yoshii Saikawa 0-0: Ball
1-0: Called Strike
1-1: SINGLE (Groundball, 4MD)
Matt Palmer scores
Tom Haymon to second
Batting: RHB Francisco Guerra 0-0: Ball
1-0: Ball
2-0: Swinging Strike
2-1: Foul Ball, location: 2F
2-2: Foul Ball, location: 2F
2-2: Strikes out swinging
Batting: RHB Jeff Hunter 0-0: Ball
1-0: Swinging Strike
1-1: Ground out 3-1 (Groundball, 34S)
Tom Haymon to third
Yoshii Saikawa to second
Batting: LHB Wilton Maynard 0-0: Called Strike
0-1: Fly out, F8 (Flyball, 89XD)
Bottom of the 9th over - 1 run, 3 hits, 0 errors, 2 left on base; Springfield 2 - Lake Minnetonka 2
TOP OF THE 10TH
Springfield Shooters batting - Pitching for Lake Minnetonka Love Boats : RHP Harry Stogsdill
Now at C: Guillermo Carrizales
Batting: RHB Mei Kim 0-0: Foul Ball, location: 2F
0-1: SINGLE (Groundball, 6MD)
Batting: RHB Fletcher Megarity 0-0: Called Strike
0-1: Sac Bunt - play at first, batter OUT! 1-3
Mei Kim to second
Batting: RHB Nestor Tantoco 0-0: Ground out 6-3 (Groundball, 6)
Mei Kim to third
Batting: LHB Henk van Aardschot 0-0: Ball
1-0: Called Strike
1-1: Swinging Strike
1-2: Ball
2-2: Foul Ball, location: 2F
2-2: Foul Ball, location: 2F
2-2: Foul Ball, location: 2F
2-2: Foul Ball, location: 2F
2-2: Ball
3-2: Foul Ball, location: 2F
3-2: Base on Balls
Batting: RHB Lev Migranov 0-0: Ball
Henk van Aardschot steals 2nd base
1-0: Swinging Strike
1-1: Ball
2-1: Foul Ball, location: 2F
2-2: Foul Ball, location: 2F
2-2: Ball
3-2: Ground out 4-3 (Groundball, 4)
Top of the 10th over - 0 runs, 1 hit, 0 errors, 2 left on base; Springfield 2 - Lake Minnetonka 2
BOTTOM OF THE 10TH
Lake Minnetonka Love Boats batting - Pitching for Springfield Shooters : RHP Branlyn Jaraba
Pitching: RHP Ron Mingo
Batting: RHB Mario van Heijbeeck 0-0: Ball
1-0: Ball
2-0: Ball
3-0: Base on Balls
Batting: RHB Michael Sweeney 0-0: Ball
1-0: Called Strike
1-1: Ball
2-1: Ball
3-1: Called Strike
3-2: Base on Balls
Mario van Heijbeeck to second
Batting: RHB Martin van Veldhuizen 0-0: SINGLE (Groundball, 6MD)
Mario van Heijbeeck to third
Michael Sweeney to second
Runner from 3rd tries for Home, SAFE, throw made home
Friday, March 29th, 2019 - OOTP Baseball 18.8 Build 76